Map: Ruins of Endion

Players

Deva

  • Race: Zerg Zerg
  • League: Diamond

blackxored - Winner!

  • Race: Zerg Zerg
  • League: Platinum

VOD

Have the link to the VOD?

Description

Time

  • Played on: June 25, 2016, 4:30 p.m.
  • Length: 13:46
Show
View Real Time Build Order
Export as new Build Order

Deva Zerg 

Build Orders: Hatch First 

Get SALT Encoding   

  12  0:01  Drone  
  13  0:08  Drone  
  14  0:17  Overlord  
  14  0:35  Drone  
  14  0:36  Drone x2  
  17  0:55  Hatchery  
  16  0:57  Drone  
  16  1:02  Extractor  
  16  1:05  Drone  
  17  1:18  Spawning Pool  
  16  1:23  Drone  
  17  1:28  Drone  
  18  1:33  Drone  
  19  1:46  Overlord  
  19  1:56  Drone  
  20  2:04  Metabolic Boost  
  20  2:08  Zergling x2  
  21  2:09  Queen  
  21  2:13  Queen  
  25  2:19  Drone  
  26  2:28  Zergling x2  
  27  2:34  Drone x3  
  27  2:35  Drone  
  31  2:42  Baneling Nest  
  30  2:44  Zergling x2  
  31  3:03  Drone x2  
  33  3:16  Drone x3  
  33  3:17  Hatchery  
  35  3:21  Extractor  
  35  3:23  Evolution Chamber  
  35  3:25  Drone x2  
  35  3:31  Overlord  
  35  3:33  Drone  
  36  3:40  Lair  
  36  3:50  Drone x3  
  36  3:51  Drone  
  40  3:57  Overlord  
  40  3:58  Extractor  
  40  3:59  Extractor  
  40  4:00  Drone  
  39  4:06  Zerg Melee Weapons Level 1  
  39  4:07  Drone  
  39  4:09  Drone  
  41  4:19  Drone x4  
  45  4:26  Drone  
  45  4:29  Drone  
  45  4:30  Drone  
  48  4:32  Drone x3  
  51  4:41  Spire  
  50  4:48  Drone x4  
  54  5:02  Drone  
  54  5:03  Drone x3  
  54  5:06  Overlord  
  58  5:08  Roach Warren  
  57  5:23  Evolution Chamber  
  57  5:26  Drone x2  
  57  5:27  Drone x3  
  61  5:29  Queen  
  61  5:30  Extractor, Spine Crawler x2  
  61  5:32  Drone x2  
  62  5:47  Glial Reconstitution  
  62  5:49  Zerg Ground Armor Level 1  
  62  5:52  Overlord, Drone x2  
  62  5:53  Overlord  
  64  6:14  Mutalisk  
  64  6:15  Mutalisk x8  
  82  6:22  Zerg Melee Weapons Level 2  
  82  6:24  Overlord x2  
  82  6:39  Overlord  
  82  6:40  Overlord  
  82  6:41  Extractor  
  81  6:48  Infestation Pit  
  81  6:52  Zergling x2  
  81  6:53  Zergling x16  
  89  6:56  Hatchery  
  88  7:21  Mutalisk  
  88  7:22  Mutalisk x6  
  102  7:28  Spore Crawler  
  101  7:35  Spore Crawler  
  100  7:38  Spore Crawler, Zerg Flyer Armor Level 1  
  100  7:39  Spore Crawler  
  95  7:53  Queen, Drone x3  
  100  7:59  Mutalisk  
  100  8:00  Mutalisk x2  
  100  8:01  Overlord  
  100  8:02  Overlord  
  102  8:17  Hatchery  
  102  8:19  Mutalisk x5  
  106  8:29  Drone  
  107  8:37  Mutalisk x3  
  107  8:39  Zergling x10  
  107  8:40  Zergling x2  
  104  8:58  Mutalisk x3  
  103  9:06  Mutalisk  
  98  9:17  Mutalisk  
  98  9:18  Mutalisk  
  98  9:20  Overlord  
  91  9:29  Zergling x20  
  101  9:32  Drone x2  
  103  9:42  Mutalisk  
  103  9:43  Mutalisk x3  
  111  10:00  Mutalisk, Hatchery  
  111  10:01  Mutalisk x2  
  111  10:03  Zergling x12  
  106  10:07  Zergling x4  
  106  10:08  Zergling x6  
  107  10:20  Mutalisk x3  
  108  10:29  Mutalisk  
  108  10:31  Zergling x6  
  110  10:45  Zerg Flyer Weapons Level 1  
  110  10:54  Zergling x14  
  110  10:56  Mutalisk  
  108  11:05  Mutalisk x3  
  114  11:22  Zergling x2  
  114  11:23  Zergling x22  
  123  11:34  Mutalisk x2  
  123  11:35  Overlord  
  123  11:36  Overlord x2  
  117  12:05  Mutalisk  
  117  12:06  Mutalisk x8  
  117  12:07  Zergling x2  
  117  12:08  Zergling x4  
  136  12:11  Drone x3  
  133  12:29  Zergling x2, Mutalisk x4  
  138  12:45  Mutalisk x2  
  138  12:47  Zergling x10  
  147  13:00  Mutalisk  
  149  13:10  Extractor  
Show
View Real Time Build Order
Export as new Build Order

blackxored Zerg - Winner!

Build Orders: Pool First 

Get SALT Encoding   

  12  0:01  Drone  
  13  0:08  Drone  
  14  0:17  Overlord  
  14  0:23  Extractor  
  14  0:24  Drone  
  15  0:37  Drone x2  
  17  0:45  Spawning Pool  
  17  0:48  Drone  
  17  0:58  Drone  
  18  1:04  Extractor  
  18  1:08  Drone  
  18  1:17  Drone  
  19  1:31  Overlord  
  19  1:40  Hatchery  
  19  1:43  Zergling x2  
  19  1:45  Queen  
  21  1:51  Zergling x2  
  22  2:00  Zergling x2  
  23  2:13  Drone  
  24  2:21  Queen  
  26  2:27  Hatchery  
  25  2:38  Drone x2  
  27  2:47  Overlord  
  27  2:58  Overlord  
  27  2:59  Drone  
  27  3:00  Drone x3  
  30  3:17  Drone x3  
  30  3:19  Lair  
  33  3:35  Drone x8  
  33  3:39  Overlord  
  41  4:03  Roach Warren  
  41  4:04  Extractor, Drone x5  
  41  4:05  Extractor, Drone  
  41  4:07  Drone  
  41  4:08  Drone x2  
  47  4:10  Queen  
  47  4:13  Drone  
  47  4:14  Extractor, Drone x2  
  47  4:15  Drone  
  52  4:17  Overlord  
  52  4:31  Spire, Overseer  
  51  4:43  Roach x5  
  51  4:44  Roach  
  63  4:55  Roach  
  65  5:03  Overlord  
  63  5:30  Drone x11  
  74  5:37  Overlord  
  74  5:49  Zerg Flyer Armor Level 1  
  74  5:50  Overlord  
  74  5:51  Overlord x3  
  74  5:56  Extractor  
  73  5:57  Extractor  
  72  6:09  Mutalisk  
  72  6:10  Mutalisk x6  
  86  6:13  Drone x4  
  90  6:18  Overlord x2  
  90  6:26  Mutalisk x2  
  90  6:28  Overlord x2  
  94  6:38  Mutalisk  
  96  6:41  Drone x7  
  103  6:49  Mutalisk x2  
  107  7:03  Mutalisk x2  
  111  7:17  Overlord x4  
  111  7:42  Mutalisk x6  
  123  7:57  Drone x2  
  125  8:09  Mutalisk x2  
  129  8:18  Drone x2  
  130  8:20  Spore Crawler  
  130  8:22  Spine Crawler  
  128  8:43  Mutalisk  
  124  8:56  Mutalisk x2  
  124  8:57  Mutalisk x4  
  128  9:16  Mutalisk x2  
  126  9:17  Mutalisk  
  128  9:26  Roach  
  128  9:27  Overlord x4  
  130  9:32  Zerg Flyer Weapons Level 1  
  130  9:44  Queen, Hatchery  
  129  10:04  Mutalisk x2  
  129  10:05  Mutalisk x6  
  129  10:06  Mutalisk x2  
  137  10:13  Roach, Hatchery  
  137  10:14  Roach  
  118  10:25  Drone x3  
  107  10:45  Drone x6  
  113  10:51  Drone x2  
  113  10:52  Drone  
  114  11:03  Hatchery  
  111  11:24  Hatchery  
  106  11:53  Roach  
  106  11:54  Roach x11  
  102  12:42  Mutalisk x2  
  102  12:43  Mutalisk x5  
  107  12:54  Drone x2  
  107  12:55  Drone  
  110  13:00  Spine Crawler  
  109  13:05  Extractor, Spine Crawler  
  109  13:07  Hatchery  
  95  13:12  Mutalisk  
  95  13:13  Mutalisk x3  
  74  13:20  Mutalisk  
  74  13:21  Mutalisk x2  
Tags
 
Add a new tag
Caveats
  • Supply blocks, unpowered buildings, or Contaminate may cause inaccurate times.
  • Supply counts are checked every 10 seconds.